AoeStats
← Dazai

Arabia

506744165Analyzed
2v2 RM · 18d ago on Sep 14, 2026· 28m 46s· 4 players
Game mode
Random Map
Map size
Medium (4 player)
Population
200
Speed
Normal
Resources
Standard
Victory
Conquest
Starting age
Dark Age
Ending age
Imperial Age
RankedLock teamsTeams togetherTeam positionsShared explorationLock speedFull tech treeHidden civsTurbo modeCheats
Victory
Defeat
🇨🇱 Spanish · Chile
1062
+17
🇨🇱 Magyars · Chile
1060
+17
🇦🇷 Magyars · Argentina
1081
-17
🇦🇷 Aztecs · Argentina
1079
-17
robertofreraut
5:31 Loom
5:38 Loom
8:56 Feudal Age
9:23 Double-Bit Axe
10:31 Horse Collar
21:33 Castle Age
20:05 Gold Mining
20:21 Scale Barding Armor
20:27 Bloodlines
22:26 Bow Saw
22:17 Heavy Plow
22:38 Chain Barding Armor
22:20 Husbandry
rvillarvega
7:50 Loom
10:31 Feudal Age
17:22 Castle Age
21:49 Double-Bit Axe
24:29 Bow Saw
PocholA!
8:10 Loom
10:48 Feudal Age
19:20 Castle Age
19:17 Forging
20:34 Double-Bit Axe
20:51 Scale Mail Armor
21:22 Squires
20:44 Pikeman
26:38 Eagle Warrior
28:02 Gold Mining
28:04 Stone Mining
Dazai
7:09 Loom
9:25 Feudal Age
10:43 Double-Bit Axe
20:44 Castle Age
18:53 Gold Mining
20:24 Bloodlines
21:18 Scale Barding Armor
23:19 Chain Barding Armor
23:31 Husbandry
Connection lost

Rejoining the realm…

Still unreachable

The connection could not be restored.

Session expired

The server has moved on; the page needs a fresh start.